 Dungeon Crawl Stone Soup version 0.30-a0-1094-g860fb061e7 (webtiles) character file.

Game seed: 695093213044345068

485 Darkkill the Shooter (level 6, 0/55 HPs)
             Began as a Minotaur Hunter on Apr 17, 2023.
             Slain by a wyvern zombie (10 damage)
             ... in an ossuary.
             The game lasted 00:06:37 (2753 turns).

Darkkill the Shooter (Minotaur Hunter)              Turns: 2753, Time: 00:06:38

Health: 0/55       AC:  7    Str: 15    XL:     6   Next: 88%
Magic:  0/5        EV: 13    Int:  6    God:
Gold:   199        SH:  0    Dex: 16    Spells: 5/5 levels left

rFire   . . .      SeeInvis .    a - +1 shortbow
rCold   . . .      Faith    .    (shield currently unavailable)
rNeg    . . .      Spirit   +    n - +0 leather armour
rPois   .          Reflect  .    (helmet restricted)
rElec   .          Rampage  .    (no cloak)
rCorr   .                        (no gloves)
Will    .....                    (no boots)
Stlth   ++                       i - amulet of guardian spirit
HPRegen 0.29/turn                g - +4 ring of protection
MPRegen 0.09/turn                (no ring)

@: no status effects
A: horns 2, retaliatory headbutt
a: no special abilities


You were in an ossuary.
You visited 1 branch of the dungeon, and saw 4 of its levels.
You also visited: Ossuary.

You collected 199 gold pieces.

Inventory:

Hand Weapons
 a - a +1 shortbow (weapon)
 b - the +0 dagger of Otiaz Jezap {protect, Int+4}
   (You found it on level 2 of the Dungeon)

   Int:       It affects your intelligence (+4).
Missiles
 k - 2 poisoned darts
 m - 28 stones
Armour
 n - a +0 leather armour (worn)
Jewellery
 e - a +6 ring of strength
 g - a +4 ring of protection (left hand)
 i - an amulet of guardian spirit (around neck)
Scrolls
 c - a scroll of immolation
 l - a scroll of poison
Potions
 d - a potion of brilliance
 f - 3 potions of curing {@q1}
 h - 3 potions of heal wounds
 j - 3 potions of flight
 o - a potion of haste
 p - a potion of magic {unknown}


   Skills:
 + Level 4.9 Fighting
 + Level 5.9 Ranged Weapons
 + Level 4.5 Dodging
 + Level 3.2 Stealth


You had 5 spell levels left.
You didn't know any spells.
Your spell library contained the following spells:

 Spells                   Type           Power      Damage    Failure   Level
 Summon Forest            Summ/Tloc      0%         N/A       100%        5
 Summon Mana Viper        Hex/Summ       0%         N/A       100%        5
 Summon Cactus Giant      Summ           0%         N/A       100%        6


Dungeon Overview and Level Annotations

Branches:
Dungeon (4/15)            Ossuary (1/1)
 Temple: D:4-7

Altars:
Qazlal


Innate Abilities, Weirdness & Mutations

You have a pair of horns on your head.
You reflexively headbutt those who attack you in melee.


Message History

Fire: a) +1 shortbow
Press: ? - help, Q - select action, (/) - cycle Shift-Dir - straight line, f/p - bullfrog zombie
Aim: a bullfrog zombie (moderately damaged, 75% to hit)
You shoot an arrow.
The arrow barely misses the bullfrog zombie.
The bullfrog zombie hits you.
Fire: a) +1 shortbow
Press: ? - help, Q - select action, (/) - cycle Shift-Dir - straight line, f/p - bullfrog zombie
Aim: a bullfrog zombie (moderately damaged, 75% to hit)
You shoot an arrow. The arrow hits the bullfrog zombie.
The bullfrog zombie is moderately damaged.
The bullfrog zombie closely misses you. The bullfrog zombie hits you.
Fire: a) +1 shortbow
Press: ? - help, Q - select action, (/) - cycle Shift-Dir - straight line, f/p - bullfrog zombie
Aim: a bullfrog zombie (moderately damaged, 75% to hit)
You shoot an arrow. The arrow hits the bullfrog zombie!
The bullfrog zombie is heavily damaged.
The bullfrog zombie closely misses you. The bullfrog zombie hits you.
Fire: a) +1 shortbow
Press: ? - help, Q - select action, (/) - cycle Shift-Dir - straight line, f/p - bullfrog zombie
Aim: a bullfrog zombie (heavily damaged, 75% to hit)
You shoot an arrow.
The arrow barely misses the bullfrog zombie.
The bullfrog zombie hits you.
Fire: a) +1 shortbow
Press: ? - help, Q - select action, (/) - cycle Shift-Dir - straight line, f/p - bullfrog zombie
Aim: a bullfrog zombie (heavily damaged, 75% to hit)
You shoot an arrow. The arrow hits the bullfrog zombie!
The bullfrog zombie is severely damaged.
The bullfrog zombie hits you but does no damage. x2
A wyvern zombie comes into view.
Fire: a) +1 shortbow
Press: ? - help, Q - select action, (/) - cycle Shift-Dir - straight line, f/p - bullfrog zombie
Aim: a bullfrog zombie (severely damaged, 75% to hit)
You shoot an arrow. The arrow hits the bullfrog zombie!
You destroy the bullfrog zombie!
Fire: a) +1 shortbow
Press: ? - help, Q - select action, (/) - cycle Shift-Dir - straight line, f - mummy
Aim: a mummy (78% to hit)
You shoot an arrow.
The arrow hits the mummy but does no damage.
Fire: a) +1 shortbow
Press: ? - help, Q - select action, (/) - cycle Shift-Dir - straight line, f/p - mummy
Aim: a mummy (78% to hit)
You shoot an arrow. The arrow hits the mummy!
The mummy is heavily damaged.
A wyvern zombie comes into view.
Fire: a) +1 shortbow
Press: ? - help, Q - select action, (/) - cycle Shift-Dir - straight line, f/p - mummy
Aim: a mummy (heavily damaged, 78% to hit)
You shoot an arrow. The arrow hits the mummy.
The mummy is severely damaged.
The wyvern zombie completely misses you.
You furiously retaliate!
You headbutt the wyvern zombie.
Fire: a) +1 shortbow
Press: ? - help, Q - select action, (/) - cycle Shift-Dir - straight line, f/p - mummy
Aim: a mummy (severely damaged, 78% to hit)
You shoot an arrow. The arrow hits the mummy.
The mummy is almost destroyed.
The wyvern zombie bites you but does no damage. x2
The wyvern zombie bites you.
Fire: a) +1 shortbow
Press: ? - help, Q - select action, (/) - cycle Shift-Dir - straight line, f/p - mummy
Aim: a mummy (almost destroyed, 78% to hit)
You shoot an arrow. The arrow hits the wyvern zombie.
The wyvern zombie is lightly damaged.
The wyvern zombie bites you but does no damage. x2
The wyvern zombie barely misses you.
Fire: a) +1 shortbow
Press: ? - help, Q - select action, (/) - cycle Shift-Dir - straight line, f/p - mummy
Aim: a mummy (almost destroyed, 78% to hit)
You shoot an arrow. The arrow barely misses the mummy.
The arrow hits the wyvern zombie!
The wyvern zombie is moderately damaged.
The wyvern zombie bites you!
Fire: a) +1 shortbow
Press: ? - help, Q - select action, (/) - cycle Shift-Dir - straight line, f/p - mummy
Aim: a mummy (almost destroyed, 78% to hit)
You shoot an arrow. The arrow hits the mummy.
You destroy the mummy!
The wyvern zombie bites you!
* * * LOW HITPOINT WARNING * * *
The wyvern zombie barely misses you. You furiously retaliate!
You headbutt the wyvern zombie.
The wyvern zombie bites you but does no damage.
Fire: a) +1 shortbow
Press: ? - help, Q - select action, (/) - cycle Shift-Dir - straight line, f - wyvern zombie
Aim: a wyvern zombie (heavily damaged, 81% to hit)
You shoot an arrow. The arrow hits the wyvern zombie.
The wyvern zombie is heavily damaged.
The wyvern zombie bites you but does no damage.
The wyvern zombie barely misses you. You furiously retaliate!
You headbutt the wyvern zombie.
Fire: a) +1 shortbow
Press: ? - help, Q - select action, (/) - cycle Shift-Dir - straight line, f/p - wyvern zombie
Aim: a wyvern zombie (heavily damaged, 81% to hit)
You shoot an arrow. The arrow hits the wyvern zombie.
The wyvern zombie is severely damaged.
The wyvern zombie misses you. The wyvern zombie bites you!
You die...

.~ #~ ~~ #
###~ #≈≈#..~
#≈~#~~#####
≈##~P~.#..∩#
≈≈≈~~~Z@.∩.#
###~P~Z#...#
#≈~#~.#####
###..~ #~##.
#≈ #. # ~# ≈


You could see 2 wyvern zombies.

Vanquished Creatures
  A howler monkey (D:3)
  2 bullfrog zombies (Ossuary)
  A hound (D:3)
  A gnoll bouda (D:3)
  A killer bee zombie (Ossuary)
  6 mummies
  A howler monkey zombie (Ossuary)
  2 adders (D:2)
  5 gnolls
  A white imp (D:3)
  2 worms (D:3)
  2 dart slugs (D:1)
  5 orcs (D:3)
  5 ball pythons
  5 bats
  8 endoplasms
  3 giant cockroaches (D:3)
  2 goblins
  5 hobgoblins
  18 jackals
  5 kobolds
  A quokka (D:1)
  8 frilled lizards
  11 rats
101 creatures vanquished.

Vanquished Creatures (others)
  4 plants (D:3)
  4 withered plants (Ossuary)
8 creatures vanquished.

Grand Total: 109 creatures vanquished

Notes
Turn   | Place    | Note
-------+----------+-------------------------------------------
     0 | D:1      | Darkkill the Minotaur Hunter began the quest for the Orb.
     0 | D:1      | Reached XP level 1. HP: 18/18 MP: 0/0
   203 | D:1      | Reached skill level 1 in Stealth
   347 | D:1      | Reached XP level 2. HP: 25/25 MP: 1/1
   758 | D:2      | Reached XP level 3. HP: 23/31 MP: 2/2
   843 | D:2      | Reached XP level 4. HP: 26/38 MP: 3/3
  1335 | D:2      | Identified the +0 dagger of Otiaz Jezap {protect, Int+4}
  1588 | D:3      | Reached skill level 5 in Ranged Weapons
  1972 | D:3      | Reached XP level 5. HP: 42/46 MP: 4/4
  2090 | D:3      | Found a stormy altar of Qazlal.
  2488 | D:3      | Noticed an ogre
  2502 | D:3      | Reached XP level 6. HP: 33/52 MP: 3/5
  2636 | D:4      | Found a sand-covered staircase.
  2646 | Ossuary  | Entered an ossuary
  2751 | Ossuary  | HP: 9/55 [wyvern zombie (11)]
  2753 | Ossuary  | Slain by a wyvern zombie

Illustrated notes

Levels and vault maps discovered:
D:1:      dpeg_arrival_ratfight, layout_loops_cross, minmay_misc_feat_tiny
D:2:      layout_basic, minmay_pentomino_w2
D:3:      lemuel_castle_with_subvaults [lemuel_castle_interior_carwin_3],
          layout_basic, nicolae_qazlal_eye_of_the_storm,
          amcnicky_mini_corridor_feature, serial_bayou_crossing
D:4:      layout_loops_ring, gup_ossuary_entry_pyramid
Ossuary:  ossuary_zaba_flooded

Skill      XL: |  1  2  3  4  5  6 |
---------------+-------------------+-----
Stealth        | 1 2 3 |  3.2
Fighting       | 3 4 |  4.9
Dodging        | 3 4 |  4.5
Ranged Weapons | 5 |  5.9

Action                     |  1- 3 |  4- 6 || total
---------------------------+-------+-------++-------
   Fire: Shortbow          |    71 |   189 ||   260
    Use: Scroll            |     2 |    11 ||    13
 Armour: Leather armour    |     5 |    68 ||    73
  Dodge: Dodged            |     9 |    87 ||    96

Table legend: (Time is in decaauts)
 A = Elapsed time spent in this place.
 B = Non-inter-level travel time spent in this place.
 C = Inter-level travel time spent in this place.
 D = Time resting spent in this place.
 E = Time spent auto-exploring this place.
 F = Levels seen in this place.
 G = Mean time per level.
                   A        B        C        D        E       F      G
               +--------+--------+--------+--------+--------+-----+--------+
         Total |   2836 |   2794 |     42 |    100 |   1896 |   5 |  567.2 |
       Dungeon |   2717 |   2675 |     42 |    100 |   1846 |   4 |  679.2 |
       Ossuary |    119 |    119 |      0 |      0 |     50 |   1 |  119.0 |
               +--------+--------+--------+--------+--------+-----+--------+

Top non-repeatable levels by time:
     D:3: 1081 daAuts
     D:2: 798 daAuts
     D:1: 766 daAuts
 Ossuary: 119 daAuts
     D:4: 71 daAuts

Table legend:
 A = Kills in this place as a percentage of kills in the entire game.
 B = Kills by you in this place as a percentage of kills by you in the entire game.
 C = Kills by friends in this place as a percentage of kills by friends in the entire game.
 D = Other kills in this place as a percentage of other kills in the entire game.
 E = Experience gained in this place as a percentage of experience gained in the entire game.
 F = Experience gained in this place divided by the number of levels of this place that you have seen.
                   A       B       C       D       E      F
               +-------+-------+-------+-------+-------+----------------------
         Total | 100.0 | 100.0 |   N/A |   N/A | 100.0 | 138.8
       Dungeon |  91.1 |  91.1 |   N/A |   N/A |  58.6 | 101.8
       Ossuary |   8.9 |   8.9 |   N/A |   N/A |  41.4 | 287.0
               +-------+-------+-------+-------+-------+----------------------
